 Dungeon Crawl Stone Soup version 0.21-a0-286-g6fcecc0 (webtiles) character file.

1127 aurelian the Skirmisher (level 8, -2/70 HPs)
             Began as a Minotaur Wizard on Sept 25, 2017.
             Was a Follower of Okawaru.
             Slain by a gnoll
             ... wielding a +1 halberd of electrocution
              (18 damage)
             ... in a bailey.
             The game lasted 00:15:23 (6261 turns).

aurelian the Skirmisher (Minotaur Wizard)           Turns: 6261, Time: 00:15:24

Health: -2/70      AC: 12    Str: 15    XL:     8   Next: 13%
Magic:  10/10      EV:  8    Int: 15    God:    Okawaru [*.....]
Gold:   380        SH:  0    Dex:  8    Spells: 10/11 levels left

rFire    . . .     SeeInvis +   D - +1 broad axe
rCold    . . .     Gourm    +   (no shield)
rNeg     . . .     Faith    .   M - +0 chain mail
rPois    .         Spirit   .   b - +2 hat
rElec    .         Reflect  .   (no cloak)
rCorr    .         Harm     .   (no gloves)
MR       .....                  w - +0 pair of boots
Stlth    ..........             z - amulet of the gourmand
HPRegen  0.21/turn              I - +1 ring of evasion
MPRegen  0.12/turn              y - ring of see invisible

@: no status effects
A: retaliatory headbutt, horns 2
a: Heroism, Renounce Religion


You were in a bailey.
You worshipped Okawaru.
Okawaru was aware of your devotion.
You were completely stuffed.

You visited 2 branches of the dungeon, and saw 8 of its levels.
You also visited: Bailey.

You collected 380 gold pieces.

Inventory:

Hand Weapons
 e - a +0 dagger
 i - a +0 spear
 l - a +0 whip
 D - a +1 broad axe (weapon)
 N - the +2 hand axe of the Scorpion {venom, -Tele rPois rF+ rN+, unknown}
   (You found it on level 7 of the Dungeon)

   It poisons the flesh of those it strikes.
   It protects you from fire.
   It protects you from poison.
   It protects you from negative energy.
   It prevents most forms of teleportation.
 P - the +7 hand axe of Pestilence {vamp, +Rage rElec MR-, unknown}
   (You found it on level 7 of the Dungeon)

   It inflicts no extra harm, but heals its wielder when it wounds a living foe.
   It insulates you from electricity.
   It affects your resistance to hostile enchantments.
   It lets you go berserk.
Missiles
 g - 212 stones
 h - 60 sling bullets
 q - 4 steel tomahawks
 s - 13 curare-tipped needles
 Q - 43 tomahawks of returning (quivered)
Armour
 a - a +0 robe
 b - a +2 hat (worn)
 k - a +0 ring mail
 w - a +0 pair of boots (worn)
 M - a +0 chain mail (worn)
Jewellery
 y - a ring of see invisible (right hand)
 z - an amulet of the gourmand (around neck)
 I - a +1 ring of evasion (left hand)
 K - an uncursed ring of positive energy
Wands
 v - a wand of scattershot (0/9)
Scrolls
 f - 5 scrolls of remove curse
 m - 8 scrolls of teleportation
 r - 2 scrolls of amnesia
 u - a scroll of immolation
 J - 2 scrolls of identify
Potions
 o - 2 potions of degeneration {unknown}
 t - 2 potions of might
 A - 2 potions of mutation
 B - 3 potions of curing
 C - a potion of lignification {unknown}
 E - 4 potions of cancellation
 F - 2 potions of heal wounds {unknown}
 H - 2 potions of haste {unknown}
 L - a potion of ambrosia {unknown}
Books
 c - a book of Minor Magic

   Spells                             Type                      Level
   a - Magic Dart                     Conjuration                  1
   b - Blink                          Translocation                2
   c - Call Imp                       Summoning                    2
   d - Slow                           Hexes                        2
   e - Conjure Flame                  Conjuration/Fire             3
   f - Mephitic Cloud                 Conjuration/Poison/Air       3
 j - a book of Changes

   Spells                             Type                      Level
   a - Beastly Appendage              Transmutation                1
   b - Sticks to Snakes               Transmutation                2
   c - Spider Form                    Transmutation/Poison         3
   d - Ice Form                       Ice/Transmutation            4
   e - Blade Hands                    Transmutation                5
Comestibles
 d - 4 bread rations
 n - 5 fruits
 p - a royal jelly
 x - 2 meat rations
 O - 3 chunks of flesh


   Skills:
 - Level 6.0 Fighting
 * Level 5.5(6.7) Axes
 - Level 5.7(6.8) Polearms
 + Level 3.8 Armour
 + Level 3.2 Dodging
 - Level 1.5 Stealth
 - Level 2.1 Spellcasting
 - Level 0.6 Conjurations
   Level 0.6 Summonings
   Level 0.6 Translocations


You had 10 spell levels left.
You knew the following spells:

 Your Spells              Type           Power        Failure   Level  Hunger
a - Magic Dart            Conj           #...         97%         1    #......


Dungeon Overview and Level Annotations

Branches:
Dungeon (7/15)             Temple (1/1) D:5

Altars:
Ashenzari
Dithmenos
Elyvilon
Fedhas
Gozag
Hepliaklqana
Kikubaaqudgha
Makhleb
Okawaru
Qazlal
Ru
Sif Muna
Uskayaw
Vehumet
Wu Jian
Xom
Zin
The Shining One


Innate Abilities, Weirdness & Mutations

You reflexively headbutt those who attack you in melee.
You have a pair of horns on your head.


Message History

a tomahawk of returning; a halberd The hobgoblin throws a tomahawk of returning.
The tomahawk of returning closely misses you.
The weapon returns to the hobgoblin!
The hobgoblin throws a tomahawk of returning.
The tomahawk of returning hits you but does no damage.
You see here a tomahawk of returning.
It was a potion of curing.
You feel better.
The gnoll hits you from afar with a halberd of electrocution.
* * * LOW HITPOINT WARNING * * *
The hobgoblin throws a tomahawk of returning.
The tomahawk of returning hits you but does no damage.
The weapon returns to the hobgoblin!
The hobgoblin throws a tomahawk of returning.
The tomahawk of returning closely misses you.
The weapon returns to the hobgoblin!
The gnoll hits you with a halberd of electrocution.
* * * LOW HITPOINT WARNING * * *
You are electrocuted!
You die...

## ### ##### ### ###
#.# #.###.))###.###∩#
#'##'##'###)##'##'##
#....(## ##.)...##
###....(#####.....###
#.'..g@.'.#.'..∩..'.#
###.†...#####.....###
##.....# ##.....##
##'##'##'###+##'##'##
#g###.# #.#)###.###.#
#'# ### #### ### ###
#.# #g#g# ##g# #K#
#K# #..


gg# #g You could see 2 gnolls, a hobgoblin and a kobold.

Vanquished Creatures
  Grinder (D:3)
  2 black bears (D:6)
  3 centaurs
  A scorpion (D:5)
  A crimson imp (D:5)
  2 jellies
  An orc wizard (D:4)
  An iguana (D:4)
  A worker ant (D:7)
  A hound zombie (D:7)
  8 gnolls (Bailey)
  8 adders
  A shadow imp (D:5)
  An adder skeleton (D:5)
  7 worms
  A dart slug (D:3)
  3 leopard geckos
  4 orcs
  3 giant cockroaches
  4 goblins
  15 hobgoblins
  17 jackals
  9 kobolds
  3 quokkas
  A ball python zombie (D:4)
  8 bats
  5 frilled lizards
  A quokka skeleton (D:6)
  7 rats
120 creatures vanquished.

Notes
Turn   | Place    | Note
-------+----------+-------------------------------------------
     0 | D:1      | aurelian the Minotaur Wizard began the quest for the Orb.
     0 | D:1      | Reached XP level 1. HP: 14/14 MP: 2/2
   188 | D:1      | Reached skill level 1 in Fighting
   428 | D:1      | Reached skill level 1 in Polearms
   459 | D:1      | Reached XP level 2. HP: 23/23 MP: 2/4
  1088 | D:2      | Reached skill level 2 in Fighting
  1140 | D:2      | Reached XP level 3. HP: 26/30 MP: 5/5
  1388 | D:2      | Found a shimmering altar of Xom.
  1620 | D:2      | Reached skill level 3 in Fighting
  1715 | D:2      | Reached XP level 4. HP: 38/38 MP: 6/6
  2482 | D:3      | Found a stormy altar of Qazlal.
  2484 | D:3      | Noticed a fire elemental
  2484 | D:3      | Noticed an air elemental
  2485 | D:3      | Noticed a water elemental
  2485 | D:3      | Noticed an earth elemental
  2685 | D:3      | Found a faded altar of an unknown god.
  2724 | D:3      | Noticed Grinder
  2730 | D:3      | Killed Grinder
  2730 | D:3      | Reached skill level 4 in Fighting
  2730 | D:3      | Reached skill level 5 in Polearms
  2730 | D:3      | Reached XP level 5. HP: 43/47 MP: 7/7
  2730 | D:3      | Reached XP level 6. HP: 48/53 MP: 8/8
  2915 | D:4      | Noticed an orc warrior
  3456 | D:4      | Found a hide-covered altar of Uskayaw.
  3538 | D:4      | Reached skill level 1 in Axes
  3768 | D:5      | Entered Level 5 of the Dungeon
  3828 | D:5      | Found a staircase to the Ecumenical Temple.
  3837 | Temple   | Entered the Ecumenical Temple
  4031 | Temple   | Became a worshipper of Warmaster Okawaru
  4106 | D:5      | Found a shattered altar of Ashenzari.
  4200 | D:5      | Reached skill level 5 in Fighting
  4200 | D:5      | Reached skill level 1 in Armour
  4456 | D:5      | Found a white marble altar of Elyvilon.
  4474 | D:5      | Reached XP level 7. HP: 45/61 MP: 9/9
  4731 | D:5      | Found a glowing silver altar of Zin.
  4878 | D:6      | Found a sacrificial altar of Ru.
  4886 | D:6      | Reached * piety under Okawaru
  4993 | D:6      | Reached skill level 6 in Fighting
  5199 | D:6      | Found a shadowy altar of Dithmenos.
  5276 | D:6      | Reached skill level 5 in Axes
  5584 | D:6      | Found a deep blue altar of Sif Muna.
  5688 | D:7      | Reached XP level 8. HP: 69/70 MP: 10/10
  5691 | D:7      | Found a flagged portal.
  5709 | D:7      | Got a blackened hand axe
  5711 | D:7      | Got a scorched hand axe
  5714 | Bailey   | Entered a bailey
  6261 | Bailey   | Slain by a gnoll

Vault maps used:
D:1:      saegor_arrival_simple_f
D:2:      hangedman_decor_growths, tgw_xom
D:3:      chequers_ecumenical_altar_simple, minmay_misc_feat_plants,
          nicolae_qazlal_style_of_elements, uniq_grinder
D:4:      kennysheep_mini, minmay_misc_feat_more_columns
D:5:      marbit_many_paths, ashenzari_conservatory_becter,
          lemuel_crystal_altar, minmay_temple_entry_statues_fountains,
          first_bread
D:6:      nicolae_overflow_crystal_walls, led_sif_pool,
          nicolae_dithmenos_through_a_glass_darkly
D:7:      slow_altar_1, serial_shops, shop_fountains, enter_bailey_2,
          uniq_crazy_yiuf_cottage, uniq_joseph
Temple:   minmay_temple_forest_path
Bailey:   bailey_axe_2, bailey

Skill      XL: |  1  2  3  4  5  6  7  8 |
---------------+-------------------------+-----
Fighting       | 1 2 3 4 5 6 |  6.0
Polearms       | 1 2 5 |  5.7
Axes           | 2 5 |  5.5
Armour         | 1 3 |  3.8
Dodging        | 3 |  3.2
Stealth        | |  1.5
Spellcasting   | |  2.1
Conjurations   | |  0.6
Summonings     | |  0.6
Translocations | |  0.6

Action                   |  1- 3 |  4- 6 |  7- 9 || total
-------------------------+-------+-------+-------++-------
Melee: Spear             |   126 |   184 |       ||   310
       Dagger            |     2 |       |       ||     2
       Headbutt          |    12 |    16 |    14 ||    42
       Broad axe         |       |    19 |   118 ||   137
Throw: Stone             |       |     1 |     2 ||     3
       Tomahawk          |       |       |     6 ||     6
 Cast: Magic Dart        |    13 |       |       ||    13
Evoke: Wand              |       |     3 |       ||     3
  Use: Scroll            |       |    12 |     4 ||    16
       Potion            |       |       |     1 ||     1
  Eat: Chunk             |     3 |     8 |    14 ||    25
       Fruit             |       |     1 |       ||     1
Armor: Ring mail         |    27 |    48 |    24 ||    99
       Chain mail        |       |       |    53 ||    53
Dodge: Dodged            |    58 |    67 |    88 ||   213

Table legend:
 A = Spawn XP
 B = Non-spawn XP
 C = Spawn XP percentage of total XP
 D = Spawn monster count
 E = Non-spawn monster count
 F = Spawn count percentage of total count
 G = Total turns spent on level
                    A         B        C        D         E        F      G
               +---------+---------+-------+---------+---------+-------+---------
         Total |       0 |    1611 |   0.0 |       0 |     120 |   0.0 |  6261
               +---------+---------+-------+---------+---------+-------+---------
           D:1 |       0 |      26 |   0.0 |       0 |      13 |   0.0 |  1154
           D:2 |       0 |     107 |   0.0 |       0 |      31 |   0.0 |  1090
           D:3 |       0 |     338 |   0.0 |       0 |      20 |   0.0 |   693
           D:4 |       0 |      90 |   0.0 |       0 |       8 |   0.0 |   831
           D:5 |       0 |     423 |   0.0 |       0 |      14 |   0.0 |   842
           D:6 |       0 |     428 |   0.0 |       0 |       8 |   0.0 |   850
           D:7 |       0 |      61 |   0.0 |       0 |       5 |   0.0 |    35
        Bailey |       0 |     138 |   0.0 |       0 |      21 |   0.0 |   547
               +---------+---------+-------+---------+---------+-------+---------
